 Dungeon Crawl Stone Soup version 0.28.0-53-g5a82cb258f (webtiles) character file.

Game seed: 18272190772993065259

78 gobodom the Magician (level 4, 0/31 HPs)
             Began as a Demonspawn Hedge Wizard on June 7, 2022.
             Succumbed to an orc's poison
             ... on level 2 of the Dungeon.
             The game lasted 00:10:57 (2591 turns).

gobodom the Magician (Demonspawn Hedge Wizard)      Turns: 2591, Time: 00:10:58

Health: 0/31       AC: 14    Str: 10 (12) XL:     4   Next: 15%
Magic:  7/9        EV:  8    Int: 15 (16) God:
Gold:   75         SH:  0    Dex: 12      Spells: 7/10 levels left

rFire   . . .      SeeInvis .   a - +0 dagger
rCold   . . .      Faith    .   (no shield)
rNeg    . . .      Spirit   .   d - +1 scale mail {rPois}
rPois   +          Reflect  .   h - +0 helmet
rElec   .          Harm     .   (no cloak)
rCorr   .          Rampage  .   (no gloves)
Will    .....                   (no boots)
Stlth   +.........              (no amulet)
HPRegen 0.10/turn               (no ring)
MPRegen 0.11/turn               (no ring)

@: lethally poisoned (0 -> -9), sanguine armoured, very slightly contaminated
A: spiny 1, sanguine armour 1
a: no special abilities


You were on level 2 of the Dungeon.
You visited 1 branch of the dungeon, and saw 3 of its levels.

You collected 75 gold pieces.

Inventory:

Hand Weapons
 a - a +0 dagger (weapon)
Missiles
 f - 24 stones (quivered)
 g - a throwing net
Armour
 b - a +0 robe
 c - a +0 hat
 d - a +1 scale mail of poison resistance (worn)
 h - a +0 helmet (worn)


   Skills:
 + Level 0.6 Fighting
 + Level 1.3 Short Blades
 + Level 0.2 Armour
 + Level 2.3 Dodging
 + Level 2.0 Stealth
 + Level 3.7 Spellcasting
 + Level 1.3 Conjurations
 + Level 1.0 Summonings
 + Level 0.8 Translocations


You had 7 spell levels left.
You knew the following spells:

 Your Spells              Type           Power      Damage    Failure   Level
a - Magic Dart            Conj           24%        1d4       61%         1
b - Blink                 Tloc           10%        N/A       82%         2

Your spell library contained the following spells:

 Spells                   Type           Power      Damage    Failure   Level
 Slow                     Hex            8%         N/A       80%         1
 Call Imp                 Summ           5%         N/A       80%         2
 Call Canine Familiar     Summ           5%         N/A       95%         3
 Conjure Flame            Conj/Fire      4%         6-21      97%         3
 Mephitic Cloud           Conj/Pois/Air  4%         N/A       98%         3
 Portal Projectile        Hex/Tloc       8%         N/A       98%         3
 Leda's Liquefaction      Hex/Erth       1%         N/A       100%        4


Dungeon Overview and Level Annotations

Branches:
Dungeon (3/15)

Altars:


Innate Abilities, Weirdness & Mutations

You are partially covered in sharp spines.
When seriously injured, your blood forms armour. (AC +6)


Message History

You climb downwards.
The bat is struck by your spines.
You kill the bat!
The worm is struck by your spines. The worm bites you.
There is a stone staircase leading up, spattered with blood here.
You hit the worm but do no damage.
The worm is moderately wounded.
You hit the worm but do no damage.
The worm is moderately wounded.
The worm bites you!
Your blood congeals into armour.
You closely miss the orc. The orc hits you but does no damage.
The worm is struck by your spines. The worm closely misses you.
You hit the orc but do no damage. The orc is struck by your spines.
The orc hits you but does no damage.
You are poisoned.
The orc is struck by your spines. The orc hits you but does no damage.
You feel sick. The orc is struck by your spines. The orc barely misses you.
The worm is struck by your spines. The worm bites you.
The orc barely misses you.
You climb upwards.
You feel sick.
There is a stone staircase leading down here.
Casting: Magic Dart (safe; 63% risk of failure)
Confirm with . or Enter, or press ? or * to list all spells.
The spell is extremely dangerous to miscast (82% risk of failure)!
Continue anyway?
You miscast Blink.
You are very lightly contaminated with residual magic.
Nothing appears to happen.
You feel sick. The orc hits you but does no damage.
You are lethally poisoned!
The orc hits you but does no damage.
* * * LOW HITPOINT WARNING * * *
You feel very sick.
The orc hits you with a +1 dagger of venom.
* * * LOW HITPOINT WARNING * * *
The orc barely misses you.
* * * LOW HITPOINT WARNING * * *
You feel very sick. The orc is struck by your spines.
You kill the orc!
You hit the orc but do no damage.
The orc is moderately wounded.
You die...

...........#...........####..###
.####..<.)..................##
.#....................)######
.#.##..................##
.#.##...................###
...###..###...............##
..........)<.....####.###..######
...##...........#####.##........#
#..##...........@ow...##.........
...........).....)............†..
................................#
.###...................#........#
.# ##..................#........#
.# #..................#........#
## #.##............>..##########
# #.##...)...........>.# ##... #
#.###.............##.####....


You could see a worm and an orc.

Vanquished Creatures
  3 adders
  3 orcs
  6 bats
  4 endoplasms
  A giant cockroach (D:2)
  10 goblins
  3 hobgoblins (D:1)
  3 kobolds
  2 quokkas (D:2)
  4 ball pythons
  5 rats
44 creatures vanquished.

Notes
Turn   | Place    | Note
-------+----------+-------------------------------------------
     0 | D:1      | gobodom the Demonspawn Hedge Wizard began the quest for the
                  | Orb.
     0 | D:1      | Reached XP level 1. HP: 13/13 MP: 4/4
   339 | D:1      | Gained mutation: You are partially covered in sharp spines.
                  | [demonic ancestry]
   339 | D:1      | Reached XP level 2. HP: 16/19 MP: 6/6
  1144 | D:1      | Learned a level 2 spell: Blink
  1437 | D:2      | Gained mutation: When seriously injured, your blood forms
                  | armour. (AC +6) [demonic ancestry]
  1437 | D:2      | Reached XP level 3. HP: 6/24 MP: 4/7
  1439 | D:2      | Reached skill level 1 in Short Blades
  2306 | D:3      | Reached XP level 4. HP: 15/31 MP: 6/9
  2591 | D:2      | Succumbed to an orc's poison

Illustrated notes

Levels and vault maps discovered:
D:1:      dpeg_cavernosity, layout_loops_ring
D:2:      layout_rooms, kennysheep_generic_room_9
D:3:      layout_loops_cross, nicolae_overflow_ecumenical_swirl,
          chequers_mini_garden, grunt_ministairs_6,
          chequers_serial_rivers_micro_b

Skill      XL: |  1  2  3 |
---------------+----------+-----
Dodging        | 2 |  2.3
Short Blades   | 1 |  1.3
Stealth        | 2 |  2.0
Fighting       | |  0.6
Armour         | |  0.2
Spellcasting   | |  3.7
Conjurations   | |  1.3
Summonings     | |  1.0
Translocations | |  0.8

Action                   |  1- 3 |  4- 6 || total
-------------------------+-------+-------++-------
Melee: Dagger            |   107 |    13 ||   120
       Punch             |     2 |       ||     2
 Cast: Magic Dart        |    11 |     2 ||    13
  Use: Potion            |     2 |       ||     2
       Scroll            |     2 |       ||     2
 Stab: Sleeping          |     2 |       ||     2
Armor: Robe              |     6 |       ||     6
       Scale mail        |    39 |    10 ||    49
Dodge: Dodged            |    48 |     6 ||    54
